[ AOE2 MATCH · #507202031 ]
UnrankedItalians vs Aztecs
Player's team · WIN
Rival team · LOSS
[ REPLAY ANALYSIS · EXTRACTED FROM THE RECORDED GAME ]
Feudal
8:54
Castle
21:23
Imperial
—
| APM avg | 58.7 |
| APM peak | 105 |
| eAPM avg | 26.3 |
| Villagers / military | 43 / 23 |
Focus
⚔️ 52.3% · 🌾 47.7%
Archer ×22 · Skirmisher ×1
Feudal
10:36
Castle
—
Imperial
—
| APM avg | 65.1 |
| APM peak | 90 |
| eAPM avg | 34.5 |
| Villagers / military | 49 / 24 |
Focus
⚔️ 44.1% · 🌾 55.9%
Skirmisher ×18 · Militia ×5 · Eagle Scout ×1
Match map
Initial resources + every placement click. Lines = walls · curves = elevation contours. ◆ gold · ⬟ stone · ● berries · ✦ relic · ◌ wall gap
Your base· Open — 4t gap
伪人3457's base· Open — 3t gap
Smoothed initial terrain · ◌ = detected wall gap · hover for details
Inputs per minute
— 小少少 - - 伪人3457
Build order — 小少少
First 150 of 152 actions detected
| 0:00 | Create | Villager (Male) |
| 0:01 | Create | Villager (Male) |
| 0:02 | Build | House |
| 0:10 | Create | Villager (Male) |
| 0:11 | Create | Villager (Male) |
| 0:11 | Create | Villager (Male) |
| 1:25 | Create | Villager (Male) |
| 1:29 | Build | House |
| 1:30 | Build | House |
| 1:37 | Build | House |
| 1:52 | Create | Villager (Male) |
| 1:56 | Build | Lumber Camp |
| 2:26 | Create | Villager (Male) |
| 2:50 | Create | Villager (Male) |
| 3:12 | Create | Villager (Male) |
| 3:33 | Create | Villager (Male) |
| 3:51 | Create | Villager (Male) |
| 4:00 | Create | Villager (Male) |
| 4:33 | Create | Villager (Male) |
| 4:43 | Build | Mill |
| 4:56 | Create | Villager (Male) |
| 4:57 | Create | Villager (Male) |
| 4:58 | Create | Villager (Male) |
| 5:11 | Research | Loom |
| 6:44 | Research | Feudal Age |
| 7:02 | Build | Palisade Wall |
| 7:03 | Build | Barracks |
| 7:46 | Build | House |
| 7:53 | Build | House |
| 8:01 | Build | Palisade Wall |
| 8:04 | Create | Villager (Male) |
| 8:06 | Build | Palisade Wall |
| 8:08 | Build | Palisade Wall |
| 8:09 | Build | Palisade Wall |
| 8:34 | Build | Palisade Wall |
| 8:34 | Build | Palisade Wall |
| 8:35 | Build | Palisade Wall |
| 8:35 | Build | Palisade Wall |
| 8:36 | Build | Palisade Wall |
| 8:45 | Build | Palisade Wall |
| 8:54 | Age | Feudal Age |
| 8:56 | Create | Villager (Male) |
| 8:58 | Build | Archery Range |
| 8:59 | Research | Double-Bit Axe |
| 9:03 | Build | House |
| 9:09 | Build | Palisade Wall |
| 9:11 | Build | Palisade Wall |
| 9:12 | Create | Villager (Male) |
| 9:26 | Create | Villager (Male) |
| 9:30 | Build | Mining Camp |
| 9:42 | Create | Archer |
| 9:43 | Create | Archer |
| 9:59 | Create | Villager (Male) |
| 10:34 | Build | Blacksmith |
| 10:41 | Create | Archer |
| 10:43 | Create | Villager (Male) |
| 10:57 | Create | Villager (Male) |
| 11:02 | Build | Palisade Wall |
| 11:05 | Build | Palisade Wall |
| 11:08 | Build | Palisade Wall |
| 11:09 | Build | Palisade Wall |
| 11:10 | Build | Palisade Wall |
| 11:11 | Build | Palisade Wall |
| 11:18 | Build | Palisade Wall |
| 11:36 | Create | Archer |
| 11:50 | Build | House |
| 11:54 | Create | Villager (Male) |
| 11:55 | Build | Farm |
| 11:56 | Build | Farm |
| 11:59 | Build | Farm |
| 11:59 | Build | Farm |
| 12:04 | Create | Villager (Male) |
| 12:08 | Create | Archer |
| 12:22 | Build | Farm |
| 12:23 | Build | Farm |
| 12:23 | Create | Villager (Male) |
| 12:36 | Create | Archer |
| 12:39 | Create | Villager (Male) |
| 12:43 | Research | Fletching |
| 12:44 | Create | Archer |
| 12:47 | Create | Villager (Male) |
| 12:51 | Build | Farm |
| 13:02 | Build | Farm |
| 13:04 | Build | Farm |
| 13:12 | Create | Archer |
| 13:16 | Create | Villager (Male) |
| 13:24 | Build | Farm |
| 13:29 | Create | Villager (Male) |
| 13:33 | Build | House |
| 13:45 | Create | Archer |
| 13:51 | Build | Farm |
| 14:14 | Create | Villager (Male) |
| 14:15 | Create | Villager (Male) |
| 14:16 | Build | Farm |
| 14:17 | Build | Farm |
| 14:25 | Build | Farm |
| 14:29 | Create | Archer |
| 14:35 | Create | Villager (Male) |
| 14:37 | Build | House |
| 14:38 | Build | House |
| 14:39 | Build | House |
| 14:47 | Build | Palisade Wall |
| 15:00 | Create | Villager (Male) |
| 15:11 | Build | Farm |
| 15:11 | Create | Archer |
| 15:15 | Build | Farm |
| 15:16 | Create | Villager (Male) |
| 15:55 | Create | Villager (Male) |
| 15:56 | Create | Archer |
| 16:03 | Create | Villager (Male) |
| 16:17 | Build | Archery Range |
| 16:24 | Build | Market |
| 16:28 | Create | Archer |
| 16:28 | Create | Archer |
| 16:43 | Create | Villager (Male) |
| 16:54 | Create | Skirmisher |
| 16:58 | Create | Villager (Male) |
| 17:05 | Build | House |
| 17:10 | Build | House |
| 17:12 | Build | House |
| 17:29 | Create | Archer |
| 17:29 | Create | Archer |
| 17:37 | Create | Villager (Male) |
| 17:43 | Build | Lumber Camp |
| 17:55 | Build | Watch Tower |
| 17:59 | Build | House |
| 18:01 | Build | Stone Wall |
| 18:15 | Build | House |
| 18:40 | Build | House |
| 18:43 | Research | Castle Age |
| 18:56 | Build | Stable |
| 19:00 | Build | Palisade Wall |
| 19:04 | Research | Gold Mining |
| 19:34 | Create | Archer |
| 19:57 | Build | Mining Camp |
| 20:09 | Create | Archer |
| 20:20 | Build | Stone Wall |
| 20:20 | Build | Stone Wall |
| 20:46 | Build | Mining Camp |
| 20:52 | Create | Archer |
| 21:23 | Age | Castle Age |
| 21:25 | Research | Crossbowman (upgrade) |
| 21:26 | Research | Bodkin Arrow |
| 21:38 | Build | Farm |
| 21:38 | Build | Farm |
| 21:39 | Build | Farm |
| 21:47 | Create | Villager (Male) |
| 21:49 | Build | Town Center |
| 21:58 | Create | Villager (Male) |
| 22:00 | Create | Archer |
Build order — 伪人3457
First 150 of 152 actions detected
| 0:00 | Create | Villager (Male) ×4 |
| 0:02 | Build | House |
| 0:02 | Build | House |
| 1:16 | Create | Villager (Male) |
| 1:16 | Create | Villager (Male) |
| 1:41 | Create | Villager (Male) |
| 1:41 | Create | Villager (Male) |
| 2:09 | Create | Villager (Male) |
| 2:10 | Create | Villager (Male) |
| 2:11 | Build | Lumber Camp |
| 2:36 | Create | Villager (Male) |
| 2:36 | Create | Villager (Male) |
| 2:53 | Create | Villager (Male) |
| 3:23 | Create | Villager (Male) |
| 3:35 | Create | Villager (Male) |
| 3:35 | Create | Villager (Male) |
| 3:48 | Build | House |
| 4:09 | Create | Villager (Male) ×2 |
| 4:09 | Create | Villager (Male) ×2 |
| 4:47 | Create | Villager (Male) |
| 5:09 | Build | Barracks |
| 5:17 | Create | Villager (Male) |
| 5:24 | Build | House |
| 6:09 | Create | Militia |
| 6:09 | Create | Militia |
| 6:11 | Create | Villager (Male) |
| 6:23 | Build | Mill |
| 6:41 | Create | Villager (Male) |
| 6:44 | Create | Villager (Male) |
| 6:56 | Build | House |
| 7:20 | Create | Villager (Male) |
| 7:24 | Build | Mill |
| 7:43 | Research | Loom |
| 8:26 | Research | Feudal Age |
| 8:26 | Research | Feudal Age |
| 8:36 | Build | Mining Camp |
| 8:41 | Create | Militia |
| 8:49 | Create | Militia |
| 9:03 | Create | Militia |
| 9:30 | Create | Villager (Male) |
| 9:47 | Create | Villager (Male) |
| 9:57 | Build | Farm |
| 9:59 | Build | House |
| 10:01 | Build | Palisade Wall |
| 10:28 | Build | Palisade Wall |
| 10:31 | Build | Palisade Wall |
| 10:34 | Build | Palisade Wall |
| 10:36 | Age | Feudal Age |
| 10:39 | Research | Man-at-Arms (upgrade) |
| 10:42 | Create | Villager (Male) |
| 10:50 | Build | Archery Range |
| 11:05 | Research | Double-Bit Axe |
| 11:06 | Research | Double-Bit Axe |
| 11:22 | Create | Villager (Male) |
| 11:58 | Build | Farm |
| 11:59 | Create | Skirmisher |
| 11:59 | Create | Skirmisher |
| 12:04 | Build | House |
| 12:06 | Build | Palisade Wall |
| 12:08 | Create | Villager (Male) |
| 12:19 | Create | Villager (Male) |
| 12:20 | Build | House |
| 12:22 | Build | Palisade Wall |
| 12:27 | Create | Villager (Male) |
| 12:28 | Build | Farm |
| 12:29 | Create | Skirmisher |
| 12:36 | Build | House |
| 12:37 | Build | Palisade Wall |
| 12:45 | Create | Skirmisher |
| 12:49 | Build | Palisade Wall |
| 12:49 | Build | Palisade Wall |
| 12:50 | Build | Palisade Wall |
| 12:51 | Build | Palisade Wall |
| 12:52 | Build | Palisade Wall |
| 12:54 | Build | Farm |
| 13:09 | Create | Villager (Male) |
| 13:15 | Build | House |
| 13:17 | Build | Palisade Wall |
| 13:20 | Build | Palisade Wall |
| 13:22 | Build | Palisade Wall |
| 13:27 | Build | Palisade Wall |
| 13:32 | Build | House |
| 13:33 | Create | Villager (Male) |
| 13:34 | Create | Skirmisher |
| 13:39 | Create | Skirmisher |
| 14:04 | Build | Palisade Wall |
| 14:08 | Create | Villager (Male) |
| 14:20 | Build | Palisade Wall |
| 14:22 | Create | Villager (Male) |
| 14:24 | Build | Farm |
| 14:25 | Build | Farm |
| 14:25 | Build | Farm |
| 14:25 | Build | Farm |
| 14:27 | Build | Farm |
| 14:38 | Build | House |
| 14:46 | Build | Farm |
| 14:49 | Build | Farm |
| 14:53 | Build | Farm |
| 15:05 | Create | Villager (Male) |
| 15:22 | Build | Blacksmith |
| 15:43 | Create | Villager (Male) |
| 15:56 | Create | Skirmisher |
| 16:01 | Build | House |
| 16:10 | Research | Fletching |
| 16:16 | Create | Skirmisher |
| 16:17 | Create | Villager (Male) |
| 16:28 | Research | Padded Archer Armor |
| 16:29 | Research | Horse Collar |
| 16:29 | Research | Horse Collar |
| 16:32 | Build | Farm |
| 16:33 | Create | Villager (Male) |
| 16:38 | Create | Skirmisher |
| 16:49 | Create | Skirmisher |
| 16:51 | Create | Villager (Male) |
| 16:56 | Build | House |
| 17:07 | Create | Villager (Male) |
| 17:35 | Create | Villager (Male) |
| 17:41 | Build | Watch Tower |
| 17:45 | Create | Villager (Male) |
| 17:49 | Build | Lumber Camp |
| 18:07 | Build | Palisade Wall |
| 18:15 | Create | Skirmisher |
| 18:23 | Build | Farm |
| 18:24 | Build | Farm |
| 18:25 | Create | Villager (Male) |
| 18:31 | Build | Farm |
| 18:51 | Build | Watch Tower |
| 19:01 | Build | Lumber Camp |
| 19:04 | Build | Farm |
| 19:07 | Build | Farm |
| 19:22 | Create | Villager (Male) |
| 19:41 | Create | Villager (Male) |
| 19:45 | Create | Skirmisher |
| 19:48 | Research | Wheelbarrow |
| 20:00 | Create | Villager (Male) |
| 20:03 | Create | Skirmisher |
| 20:12 | Create | Skirmisher |
| 20:14 | Create | Skirmisher |
| 20:20 | Build | Farm |
| 20:24 | Create | Skirmisher |
| 20:30 | Build | Lumber Camp |
| 20:39 | Create | Skirmisher |
| 20:46 | Build | House |
| 20:50 | Build | Barracks |
| 21:00 | Build | House |
| 21:25 | Research | Castle Age |
| 21:45 | Research | Town Watch |
| 21:49 | Build | Farm |
| 21:49 | Build | Farm |
| 21:50 | Create | Skirmisher |
Match timeline
| 5:09 | 伪人3457 · first_building Barracks |
| 7:02 | 小少少 · wall_segment Palisade Wall x1 |
| 7:03 | 小少少 · first_building Barracks |
| 8:01 | 小少少 · wall_segment Palisade Wall x1 |
| 8:06 | 小少少 · wall_segment Palisade Wall x1 |
| 8:08 | 小少少 · wall_segment Palisade Wall x1 |
| 8:09 | 小少少 · wall_segment Palisade Wall x1 |
| 8:34 | 小少少 · wall_segment Palisade Wall x1 |
| 8:34 | 小少少 · wall_segment Palisade Wall x1 |
| 8:35 | 小少少 · wall_segment Palisade Wall x1 |
| 8:35 | 小少少 · wall_segment Palisade Wall x1 |
| 8:36 | 小少少 · wall_segment Palisade Wall x1 |
| 8:45 | 小少少 · wall_segment Palisade Wall x1 |
| 8:54 | 小少少 · age_up feudal |
| 8:58 | 小少少 · first_building Archery Range |
| 9:09 | 小少少 · wall_segment Palisade Wall x1 |
| 9:11 | 小少少 · wall_segment Palisade Wall x1 |
| 10:01 | 伪人3457 · wall_segment Palisade Wall x1 |
| 10:28 | 伪人3457 · wall_segment Palisade Wall x3 |
| 10:31 | 伪人3457 · wall_segment Palisade Wall x5 |
| 10:34 | 伪人3457 · wall_segment Palisade Wall x5 |
| 10:36 | 伪人3457 · age_up feudal |
| 10:50 | 伪人3457 · first_building Archery Range |
| 11:02 | 小少少 · wall_segment Palisade Wall x1 |
| 11:05 | 小少少 · wall_segment Palisade Wall x5 |
| 11:08 | 小少少 · wall_segment Palisade Wall x1 |
| 11:09 | 小少少 · wall_segment Palisade Wall x1 |
| 11:10 | 小少少 · wall_segment Palisade Wall x1 |
| 11:11 | 小少少 · wall_segment Palisade Wall x1 |
| 11:18 | 小少少 · wall_segment Palisade Wall x1 |
| 12:06 | 伪人3457 · wall_segment Palisade Wall x10 |
| 12:22 | 伪人3457 · wall_segment Palisade Wall x4 |
| 12:37 | 伪人3457 · wall_segment Palisade Wall x1 |
| 12:49 | 伪人3457 · wall_segment Palisade Wall x1 |
| 12:49 | 伪人3457 · wall_segment Palisade Wall x1 |
| 12:50 | 伪人3457 · wall_segment Palisade Wall x1 |
| 12:51 | 伪人3457 · wall_segment Palisade Wall x1 |
| 12:52 | 伪人3457 · wall_segment Palisade Wall x1 |
| 13:17 | 伪人3457 · wall_segment Palisade Wall x5 |
| 13:20 | 伪人3457 · wall_segment Palisade Wall x4 |
| 13:22 | 伪人3457 · wall_segment Palisade Wall x5 |
| 13:27 | 伪人3457 · wall_segment Palisade Wall x2 |
| 14:04 | 伪人3457 · wall_segment Palisade Wall x1 |
| 14:20 | 伪人3457 · wall_segment Palisade Wall x1 |
| 14:47 | 小少少 · wall_segment Palisade Wall x1 |
| 18:01 | 小少少 · wall_segment Stone Wall x1 |
| 18:07 | 伪人3457 · wall_segment Palisade Wall x1 |
| 18:56 | 小少少 · first_building Stable |
| 19:00 | 小少少 · wall_segment Palisade Wall x6 |
| 20:20 | 小少少 · wall_segment Stone Wall x1 |
| 20:20 | 小少少 · wall_segment Stone Wall x1 |
| 21:13 | 小少少 · first_market_sell 100 wood |
| 21:23 | 小少少 · age_up castle |
| 22:22 | 伪人3457 · resign |
[ AI ANALYSIS · 1 CREDIT ]
What really happened in this match?
Wolo.gg analyzes every decision: build order, eco, micro, common mistakes by bracket. Personalized analysis on WhatsApp or Discord in 30 seconds.
Civ guide
Italians
Perfil
Jugador #9750845